 Dungeon Crawl Stone Soup version 0.29-a0-298-g3c90f9a769 (webtiles) character file.

Game seed: 13134811742471519644

86 Ijustatesigmund the Cudgeller (level 4, -1/28 HPs)
             Began as a Gargoyle Monk on Mar 23, 2022.
             Killed by divine providence
             ... invoked by an orc priest
              (11 damage)
             ... on level 3 of the Dungeon.
             The game lasted 00:07:36 (2789 turns).

Ijustatesigmund the Cudgeller (Gargoyle Monk)       Turns: 2789, Time: 00:07:37

Health: -1/28      AC:  8    Str: 15    XL:     4   Next: 49%
Magic:  4/4        EV: 12    Int: 12    God:
Gold:   53         SH:  0    Dex: 12    Spells: 3/3 levels left

rFire   . . .      SeeInvis .   a - +0 mace (drain)
rCold   . . .      Faith    .   (no shield)
rNeg    + . .      Spirit   .   b - +1 leather armour
rPois   ∞          Reflect  .   (no helmet)
rElec   +          Harm     .   (no cloak)
rCorr   .          Rampage  .   (no gloves)
Will    .....                   (no boots)
Stlth   +.........              (no amulet)
HPRegen 0.09/turn               (no ring)
MPRegen 0.09/turn               (no ring)

@: confused, hasted, very quick
A: sickness immunity, AC +3, negative energy resistance 1, electricity
resistance, torment resistance 1, petrification resistance
a: no special abilities


You were on level 3 of the Dungeon.
You visited 1 branch of the dungeon, and saw 3 of its levels.

You collected 113 gold pieces.
You spent 60 gold pieces at shops.

Inventory:

Hand Weapons
 a - a +0 mace of draining (weapon)
 e - a +2 hunting sling of freezing
Missiles
 g - 87 stones (quivered)
Armour
 b - a +1 leather armour (worn)
Jewellery
 k - an amulet of faith
 m - a +4 ring of evasion
Scrolls
 f - a scroll of fog
 n - 3 scrolls of identify
Potions
 d - a potion of brilliance
 i - a potion of magic


   Skills:
 - Level 3.2 Fighting
 + Level 4.2 Maces & Flails
 + Level 2.9 Armour
 - Level 2.4 Dodging
 - Level 2.1 Stealth


You had 3 spell levels left.
You didn't know any spells.
Your spell library contained the following spells:

 Spells                   Type           Power      Damage    Failure   Level
 Ensorcelled Hibernation  Hex/Ice        0%         N/A       52%         2
 Ozocubu's Armour         Ice            0%         N/A       77%         3
 Spider Form              Tmut/Pois      0%         N/A       77%         3
 Summon Guardian Golem    Hex/Summ       0%         N/A       77%         3
 Anguish                  Hex/Necr       0%         N/A       99%         4
 Orb of Destruction       Conj           0%         9d5       100%        7
 Ozocubu's Refrigeration  Ice            0%         4d5       100%        7
 Spellforged Servitor     Conj/Summ      0%         N/A       100%        7


Dungeon Overview and Level Annotations

Branches:
Dungeon (3/15)

Altars:

Shops:
D:1 !


Innate Abilities, Weirdness & Mutations

You are immune to sickness and miasma.
Your stone body is resilient. (AC +3)
You are immune to poison.
You resist negative energy. (rN+)
You are resistant to electric shocks. (rElec)
You are resistant to unholy torment.
You are immune to petrification.


Message History

You bump into the rock wall.
The orc priest barely misses you.
The orc wizard mumbles some strange words.
The orc wizard flickers and vanishes!
Deactivating autopickup; reactivate with Ctrl-A.
You hear some strange, mumbled words.
You are more confused.
You thump the orc priest!
The orc priest is almost dead.
You feel less invigorated. The orc priest barely misses you.
The orc priest barely misses you.
You see here a coppery potion.
The orc priest miscasts a cantrip.
Something barely misses you.
You see here a coppery potion.
You're too confused to move!
You hit the orc priest but do no damage.
The orc priest is almost dead.
The orc priest misses you. Something barely misses you.
You bump into the rock wall.
The orc priest hits you with a +0 hand axe.
Something hits you.
You bump into the rock wall.
The orc priest closely misses you.
You hit the orc priest but do no damage.
You drain the orc priest.
The orc priest is almost dead.
The orc priest hits you with a +0 hand axe.
You hear some strange, mumbled words.
You are more confused.
You bump into the rock wall.
The orc priest mumbles some strange prayers to Beogh against you.
Beogh smites you! Something hits you but does no damage.
The orc priest mumbles some strange prayers to Beogh against you.
Something writhes in agony.
You closely miss something. Something hits you but does no damage.
You closely miss something.
You bump into the rock wall.
Something completely misses you.
You hit something.
The orc priest mumbles some strange prayers to Beogh against you.
Beogh smites you!
You die...

♣♣♣♣♣♣♣..##..........#
♣.P.♣♣....#..###.....#
...♣♣.♣.............<#
.♣♣.P.♣...##.###.....#
♣♣♣..♣♣##..#..##.....#
♣ ♣♣♣♣ #....##..!..# .
..... ##...##o.#### .
...... ....##{##
......####.###@#
.......<.......#
...............#
...............#
.........>.....#
######.........#
#.........#
#....P....#
#.).♣P(..<#


You could see an orc priest (very drained).

Vanquished Creatures
  An orc wizard (D:2)
  An adder (D:2)
  A dart slug (D:3)
  2 orcs
  7 bats
  5 endoplasms
  3 giant cockroaches
  3 goblins
  5 hobgoblins
  2 quokkas
  3 ball pythons
  2 frilled lizards
  3 kobolds
  6 rats
44 creatures vanquished.

Vanquished Creatures (others)
  3 plants (D:3)
3 creatures vanquished.

Grand Total: 47 creatures vanquished

Notes
Turn   | Place    | Note
-------+----------+-------------------------------------------
     0 | D:1      | Ijustatesigmund the Gargoyle Monk began the quest for the
                  | Orb.
     0 | D:1      | Reached XP level 1. HP: 14/14 MP: 1/1
   542 | D:1      | Reached skill level 1 in Armour
   542 | D:1      | Reached XP level 2. HP: 19/19 MP: 2/2
   577 | D:1      | Found Bufenke's Distillery.
   586 | D:1      | Bought a potion of degeneration for 10 gold pieces
  1319 | D:2      | Found a faded altar of an unknown god.
  1507 | D:1      | Bought a potion of heal wounds for 50 gold pieces
  1632 | D:2      | Reached XP level 3. HP: 23/23 MP: 3/3
  2388 | D:3      | Reached XP level 4. HP: 28/28 MP: 4/4
  2394 | D:3      | Reached skill level 4 in Maces & Flails
  2789 | D:3      | Killed from afar by an orc priest

Illustrated notes

Levels and vault maps discovered:
D:1:      dpeg_arrival_ratfight, layout_basic, serial_shops, nicolae_shop_trees,
          chequers_decorated_corner, serial_bayou_pond_d, serial_bayou_lagoon_a
D:2:      layout_basic, dreamdust_ecumenical_altar_grove
D:3:      layout_rooms, serial_forest, infiniplex_forest_lined_3,
          infiniplex_forest_clump_long, infiniplex_forest_straight_5,
          infiniplex_forest_zigzag_2, infiniplex_forest_straight_3,
          infiniplex_forest_straight_3, infiniplex_forest_clump_small,
          infiniplex_forest_join

Skill      XL: |  1  2  3  4 |
---------------+-------------+-----
Armour         | 1 2 |  2.9
Maces & Flails | 4 |  4.2
Fighting       | |  3.2
Dodging        | |  2.4
Stealth        | |  2.1

Action                   |  1- 3 |  4- 6 || total
-------------------------+-------+-------++-------
Melee: Mace              |     7 |    13 ||    20
 Fire: Hunting sling     |    76 |    17 ||    93
  Use: Scroll            |    12 |       ||    12
       Potion            |       |     4 ||     4
 Stab: Sleeping          |     1 |       ||     1
Armor: Leather armour    |    11 |    12 ||    23
Dodge: Dodged            |    13 |    23 ||    36

Table legend: (Time is in decaauts)
 A = Elapsed time spent in this place.
 B = Non-inter-level travel time spent in this place.
 C = Inter-level travel time spent in this place.
 D = Time resting spent in this place.
 E = Time spent auto-exploring this place.
 F = Levels seen in this place.
 G = Mean time per level.
                   A        B        C        D        E       F      G
               +--------+--------+--------+--------+--------+-----+--------+
         Total |   2856 |   2637 |    219 |    439 |   1747 |   3 |  952.0 |
       Dungeon |   2856 |   2637 |    219 |    439 |   1747 |   3 |  952.0 |
               +--------+--------+--------+--------+--------+-----+--------+

Top non-repeatable levels by time:
     D:2: 1427 daAuts
     D:1: 999 daAuts
     D:3: 429 daAuts
